 Dungeon Crawl Stone Soup version 0.31.0-11-ge490571c62 (webtiles) character file.

Game seed: 17106081917848766761

18638 MollyMolluskus the Grappler (level 12, -6/87 HPs)
             Began as an Octopode Fighter on Feb 5, 2024.
             Was an Elder of Wu Jian.
             Mangled by a death yak (16 damage)
             ... on level 11 of the Dungeon on Feb 6, 2024.
             The game lasted 00:58:54 (12374 turns).

MollyMolluskus the Grappler (Octopode Fighter)     Turns: 12374, Time: 00:58:55

Health: -6/87      AC:  1    Str: 25    XL:     12   Next: 60%
Magic:  0/12       EV: 31    Int: 10    God:    Wu Jian [****..]
Gold:   974        SH:  6    Dex: 13    Spells: 11/11 levels left

rFire   . .          .
                       - Unarmed
rCold   . . .        a - +1 buckler
rNeg    . . .        (helmet restricted)
rPois   .            i - amulet of guardian spirit
rElec   .            j - +6 ring of strength
rCorr   .            (no ring)
SInv    .            (no ring)
Will    .....        (no ring)
Stlth   ++           (no ring)
HPRegen 0.34/turn    (no ring)
MPRegen 0.13/turn    (no ring)
                     (no ring)

%: guardian spirit
@: in a heavenly storm, glowing
A: almost no armour, amphibious, 8 rings, camouflage 1, gelatinous body 1,
(nimble swimmer 1), tentacles
a: Renounce Religion, Wall Jump, Serpent's Lash


You were on level 11 of the Dungeon.
You worshipped Wu Jian.
Wu Jian was greatly pleased with you.
You visited 2 branches of the dungeon, and saw 13 of its levels.
You also visited: Sewer and Bailey.

You collected 1089 gold pieces.
You spent 115 gold pieces at shops.

Inventory:

Hand Weapons
 b - the +7 Spriggan's Knife {stab, EV+4 Stlth+}
   (You acquired it in a bailey)

   Stab:      It is more effective when stabbing unaware enemies, sometimes
   treating them as though they were completely helpless.
   EV+4:      It affects your evasion (+4).
   Stlth+:    It makes you more stealthy.
Missiles
 d - 23 poisoned darts (quivered)
 h - a throwing net
 t - 5 curare-tipped darts
 x - 18 boomerangs
Armour
 a - a +1 buckler (worn)
Jewellery
 i - an amulet of guardian spirit (around mantle)
 j - a +6 ring of strength (left tentacle)
Talismans
 w - a maw talisman
Wands
 m - a wand of mindburst (1)
 q - a wand of roots (15)
 r - a wand of flame (12)
 s - a wand of charming (22)
Scrolls
 c - 5 scrolls of teleportation
 A - a scroll of fear
Potions
 f - 4 potions of ambrosia
 g - a potion of curing
 l - 2 potions of attraction
 p - a potion of cancellation
 u - a potion of resistance
 C - a potion of haste {unknown}
 D - a potion of mutation {unknown}
Miscellaneous
 e - a phial of floods (inert)


   Skills:
 + Level 9.8 Fighting
 * Level 8.1 Short Blades
 + Level 9.3 Dodging
 + Level 9.0 Stealth
 - Level 4.0 Shields
 - Level 10.6 Unarmed Combat
 + Level 5.6 Shapeshifting


You had 11 spell levels left.
You didn't know any spells.
Your spell library contained the following spells:

 Spells                   Type           Power      Damage    Failure   Level
 Necrotise                Necr           0%         1d4       41%         1
 Lesser Beckoning         Tloc           0%         N/A       56%         2
 Static Discharge         Conj/Air       0%         3-3/arc   56%         2
 Gell's Gravitas          Tloc           0%         N/A       80%         3
 Summon Ice Beast         Ice/Summ       0%         N/A       80%         3
 Teleport Other           Tloc           0%         N/A       80%         3
 Vampiric Draining        Necr           0%         2d6       80%         3
 Volatile Blastmotes      Fire/Tloc      0%         2d10      80%         3
 Airstrike                Air            0%         2d(0-16)  99%         4
 Martyr's Knell           Necr/Summ      0%         N/A       99%         4
 Sticky Flame             Fire/Alch      0%         2d4       99%         4
 Summon Lightning Spire   Summ/Air       0%         N/A       99%         4
 Curse of Agony           Necr           0%         N/A       100%        5
 Summon Mana Viper        Hex/Summ       0%         N/A       100%        5
 Starburst                Conj/Fire      0%         6d3       100%        6
 Monstrous Menagerie      Summ           0%         N/A       100%        7


Dungeon Overview and Level Annotations

Branches:
Dungeon (12/15)            Temple (1/1) D:5           Sewer (visited)
 Bailey (visited)
   Lair: D:8-11         Orc: D:9-12

Altars:
Ashenzari
Cheibriados
Dithmenos
Elyvilon
Fedhas
Gozag
Hepliaklqana
Kikubaaqudgha
Makhleb
Nemelex Xobeh
Okawaru
Qazlal
Ru
Sif Muna
Trog
Uskayaw
Vehumet
Wu Jian
Xom
Yredelemnul
Zin
The Shining One

Shops:
D:6 (   D:11 *

Annotations:
D:6 1 runed translucent door, TheBioAlchemist's ghost, novice FoFi
D:12 3 runed translucent doors, asd2613's ghost, journeyman HOMo


Innate Abilities, Weirdness & Mutations

You cannot wear most types of armour.
You are amphibious.
You can wear up to eight rings at the same time.
Your skin changes colour to match your surroundings (Stealth+).
Your rubbery body absorbs attacks. (AC +1, EV +1)
((You are camouflaged when in or above water. (Stealth+)))
You have tentacles for arms and can constrict up to eight enemies at once.


Message History

You squeeze the death yak!
The death yak is almost dead.
The death yak misses you.
A killer bee comes into view.
Unknown command.
Unknown command.
You lunge at the killer bee.
You closely miss the killer bee. Your grab misses the killer bee.
You spin and attack the killer bee.
You bludgeon the killer bee!
You kill the killer bee!
The Council accepts your kill.
The killer bee completely misses you. x3
Your Short Blades skill increases to level 8!
Unknown command.
Okay, then.
There is nothing to wall jump against here.
You bludgeon the death yak!
You tentacle-slap the death yak, but do no damage.
You squeeze the death yak.
You kill the death yak!
The Council accepts your kill. The killer bee completely misses you.
You block the killer bee's attack. The killer bee completely misses you.
The killer bee stings you.
* * * LOW HITPOINT WARNING * * *
The death yak completely misses you.
Your Stealth skill increases to level 9!
Unknown command.
You spin and attack the death yak.
You tentacle-slap the death yak. You squeeze the death yak!!
The death yak is heavily wounded.
You block the killer bee's attack. The death yak barely misses you.
The yak snorts and paws the ground.
You see here a death yak corpse.
Unknown command.
Unknown command.
You spin and attack the death yak.
You bludgeon the death yak! You squeeze the death yak.
The death yak is heavily wounded.
The killer bee completely misses you. The death yak gores you!!
You die...

...##.#☼§.....#..⌠...###.#...
#...y..÷########...###...##.⌠
##..W.y>Y#### .#.###...⌠..#..
#.##..Y†○°.##.#'#........##.
. #.y#☼##Y#..#...........#.
#§y#y##○#.###.⌠........##
#..#y°yYW☼# #.....⌠.....#
##..#°##Y#§# ##........⌠.#
...(.○°yy@☼°. #........)..
.....☼°###○§..##........##
##...○° #☼§...#..⌠...###
#.##..# .######...### # ....
...##.#.### ....YY ##.##.#.#
..####..##.##...# ...
...>h...))).## #######.###.#


You could see a death yak, a yak and 3 killer bees.

Vanquished Creatures
  An orc warlord (Bailey)
  A centaur warrior (D:9)
  4 two-headed ogres
  2 death yaks (D:11)
  Sonja (D:10)
  Lodul (D:11)
  Maurice (D:11)
  2 ugly things
  2 manticores (D:12)
  4 slime creatures (D:12)
  2 unseen horrors
  A gargoyle (D:12)
  A komodo dragon (D:12)
  2 trolls (D:12)
  2 wyverns (D:9)
  A wraith (D:12)
  A shadow (D:12)
  7 yaks
  A vampire (D:10)
  4 acid dragons
  2 water moccasins
  2 black bears (D:6)
  5 orc warriors
  Pargi (Sewer)
  2 sky beasts (D:7)
  11 ogres
  An ice beast (D:5)
  8 centaurs
  A phantom (D:5)
  A bullfrog (D:9)
  2 brain worms (Sewer)
  2 kobold brigands
  A gnoll sergeant (D:11)
  A scorpion (D:4)
  5 wights (D:8)
  23 killer bees
  8 howler monkeys
  2 bombardier beetles
  A hound (D:6)
  7 orc priests
  6 jellies
  2 iguanas
  10 orc wizards
  5 gnolls
  11 adders
  A shadow imp (D:5)
  6 ufetubi
  2 ribbon worms (D:5)
  2 dart slugs
  30 orcs
  8 ball pythons
  6 bats
  9 endoplasms
  4 giant cockroaches
  14 goblins
  7 hobgoblins
  8 jackals
  32 kobolds
  5 quokkas
  7 frilled lizards
  7 rats
309 creatures vanquished.

Vanquished Creatures (collateral kills)
  A slime creature (D:12)
  A kobold brigand (D:6)
  A jelly (D:6)
  A white imp (D:6)
  4 kobolds (D:6)
8 creatures vanquished.

Grand Total: 317 creatures vanquished

Notes
Turn   | Place    | Note
-------+----------+-------------------------------------------
     0 | D:1      | MollyMolluskus the Octopode Fighter began the quest for the
                  | Orb.
     0 | D:1      | Reached XP level 1. HP: 16/16 MP: 1/1
   147 | D:1      | Reached XP level 2. HP: 10/21 MP: 2/2
   247 | D:1      | Reached skill level 1 in Stealth
   409 | D:1      | Reached XP level 3. HP: 26/26 MP: 3/3
   902 | D:2      | Reached skill level 3 in Unarmed Combat
   958 | D:2      | Reached XP level 4. HP: 31/31 MP: 4/4
  1230 | D:2      | Identified the +0 orcbow "Widowermaker" {freeze, +Blink
                  | rN++ SInv}
  1566 | D:3      | Found an iron altar of Okawaru.
  1599 | D:3      | Found a shimmering blue altar of Sif Muna.
  2024 | D:4      | Noticed a scorpion
  2031 | D:4      | Killed a scorpion
  2032 | D:4      | Reached XP level 5. HP: 36/36 MP: 5/5
  2181 | D:4      | Found a glowing drain.
  2193 | Sewer    | Entered a sewer
  2193 | Sewer    | Noticed Pargi
  2206 | Sewer    | Killed Pargi
  2207 | Sewer    | Reached skill level 4 in Unarmed Combat
  2207 | Sewer    | Reached XP level 6. HP: 34/43 MP: 4/6
  2212 | Sewer    | Got the Tome of the Topological Sun
  2679 | D:4      | Reached XP level 7. HP: 30/48 MP: 5/7
  3017 | D:5      | Entered Level 5 of the Dungeon
  3071 | D:5      | Found a staircase to the Ecumenical Temple.
  3080 | Temple   | Entered the Ecumenical Temple
  3098 | Temple   | Became a worshipper of the Wu Jian Council
  3259 | D:5      | Reached skill level 5 in Unarmed Combat
  3585 | D:5      | Noticed a yak
  3596 | D:5      | Killed a yak
  3885 | D:5      | Reached XP level 8. HP: 54/54 MP: 8/8
  3943 | D:5      | Reached skill level 6 in Unarmed Combat
  4181 | D:6      | Reached skill level 5 in Fighting
  4192 | D:6      | Reached skill level 5 in Dodging
  4328 | D:6      | Found Myzum's Weapon Shop.
  4345 | D:6      | Found a runed translucent door.
  4353 | D:6      | Noticed TheBioAlchemist's ghost (novice FoFi)
  4377 | D:6      | Reached * piety under Wu Jian
  4396 | D:6      | Reached skill level 7 in Unarmed Combat
  4773 | D:6      | Reached XP level 9. HP: 18/62 MP: 2/9
  5255 | D:7      | Reached skill level 8 in Unarmed Combat
  6352 | D:8      | Found a snail-covered altar of Cheibriados.
  6439 | D:8      | Reached skill level 9 in Unarmed Combat
  6446 | D:8      | Reached ** piety under Wu Jian
  6681 | D:8      | Reached XP level 10. HP: 54/71 MP: 7/10
  7208 | D:9      | Noticed a centaur warrior
  7216 | D:9      | Killed a centaur warrior
  7217 | D:9      | Reached skill level 10 in Unarmed Combat
  7217 | D:9      | Reached skill level 1 in Shapeshifting
  7222 | D:9      | Found a flagged portal.
  7253 | Bailey   | Entered a bailey
  7296 | Bailey   | Noticed an orc warlord
  7313 | Bailey   | Reached *** piety under Wu Jian
  7529 | Bailey   | Found a runed translucent gate.
  7531 | Bailey   | Found a runed translucent gate.
  7532 | Bailey   | Found a runed translucent gate.
  7686 | Bailey   | Killed an orc warlord
  7879 | Bailey   | Acquired the +7 Spriggan's Knife {stab, EV+4 Stlth+}
  7879 | Bailey   | Found the +7 Spriggan's Knife {stab, EV+4 Stlth+}
  7991 | D:9      | Reached skill level 1 in Short Blades
  8350 | D:9      | Noticed a purple ugly thing
  8363 | D:9      | Killed a purple ugly thing
  8402 | D:9      | Reached skill level 5 in Stealth
  8557 | D:9      | Reached XP level 11. HP: 61/77 MP: 8/11
  9272 | D:9      | Reached **** piety under Wu Jian
  9361 | D:9      | Noticed a two-headed ogre
  9372 | D:9      | Killed a two-headed ogre
  9560 | D:10     | Entered Level 10 of the Dungeon
  9930 | D:10     | Noticed Sonja
  9971 | D:10     | Killed Sonja
 10218 | D:10     | Noticed a two-headed ogre
 10222 | D:10     | Killed a two-headed ogre
 10223 | D:10     | Reached skill level 5 in Short Blades
 10244 | D:10     | Found a white marble altar of Elyvilon.
 10248 | D:10     | Found a burning altar of Makhleb.
 10252 | D:10     | Found a stormy altar of Qazlal.
 10384 | D:10     | Noticed a two-headed ogre
 10410 | D:10     | Killed a two-headed ogre
 10624 | D:11     | Found Nibbasa's Assorted Antiques.
 10687 | D:11     | Bought a scroll labelled FAALUNWEWK for 23 gold pieces
 10687 | D:11     | Bought a tapered fluorescent wand for 92 gold pieces
 10724 | D:11     | Noticed a two-headed ogre
 10739 | D:11     | Killed a two-headed ogre
 11005 | D:11     | Noticed a purple ugly thing
 11019 | D:11     | Killed a purple ugly thing
 11124 | D:11     | Noticed Lodul
 11172 | D:11     | Killed Lodul
 11173 | D:11     | Reached XP level 12. HP: 50/85 MP: 2/12
 11209 | D:11     | Noticed a death yak
 11210 | D:11     | Reached ***** piety under Wu Jian
 11210 | D:11     | Noticed a death yak
 11277 | D:11     | Noticed Maurice
 11283 | D:11     | Killed Maurice
 11376 | D:11     | Reached skill level 5 in Shapeshifting
 11413 | D:11     | Noticed a death yak
 11557 | D:12     | Found a runed translucent gate.
 11557 | D:12     | Found a runed translucent gate.
 11557 | D:12     | Found a runed translucent gate.
 11703 | D:12     | Found a transporter.
 11709 | D:12     | Found a transporter.
 12168 | D:12     | Noticed asd2613's ghost (journeyman HOMo)
 12361 | D:11     | Killed a death yak
 12372 | D:11     | Killed a death yak
 12374 | D:11     | Mangled by a death yak

Illustrated notes

Levels and vault maps discovered:
D:1:      dpeg_arrival_ratfight, layout_basic, minmay_octomino_e4
D:2:      layout_basic
D:3:      layout_basic, mainiacjoe_overflow_catwalk_spiral
D:4:      layout_gridville, cheibrodos_sewer_entry_sluice
D:5:      layout_basic, minmay_temple_entry_gardened_gates,
          minmay_quadrilaterals
D:6:      dreamdust_elfheim, layout_cave_pools, serial_shops, shop,
          ebering_ghost_sewer_d, hex_tiny, nicolae_fountain_basement
D:7:      layout_loops_cross
D:8:      layout_rooms, slow_altar_1
D:9:      layout_layer_cave, enter_bailey_5, eino_jars
D:10:     layout_small_grid, grunt_temple_overflow_diamond, serial_park_tiny_1,
          uniq_sonja
D:11:     minmay_skewed_foursquare, layout_loops_cross, dpeg_lair_monsters,
          david_orc_3, serial_shops, shop, nicolae_figureground_pulse,
          uniq_lodul, uniq_maurice
D:12:     layout_rooms, gammafunk_ghost_necromancy, st_stairs_6,
          nicolae_diode_stairs
Temple:   nicolae_temple_bog_church

Skill      XL: |  1  2  3  4  5  6  7  8  9 10 11 12 |
---------------+-------------------------------------+-----
Stealth        | 1 2 3 4 5 7 9 |  9.0
Unarmed Combat | 3 4 5 7 9 10 | 10.6
Fighting       | 4 5 7 8 9 |  9.8
Dodging        | 4 5 7 8 9 |  9.3
Shields        | 4 |  4.0
Shapeshifting  | 3 4 5 |  5.6
Short Blades   | 3 6 8 |  8.1

Action                     |  1- 3 |  4- 6 |  7- 9 | 10-12 || total
---------------------------+-------+-------+-------+-------++-------
  Melee: Unarmed           |    83 |    78 |   232 |   316 ||   709
         Constrict         |    23 |    19 |    45 |    37 ||   124
         Tentacles         |    15 |    17 |    60 |    80 ||   172
         Punch             |     3 |     3 |    14 |    25 ||    45
         Knife             |       |       |       |    81 ||    81
  Throw: Dart              |       |       |    12 |     8 ||    20
 Invoke: Serpent's Lash    |       |       |       |     1 ||     1
         Heavenly Storm    |       |       |       |     1 ||     1
Ability: Lunge             |       |       |    28 |    48 ||    76
         Whirlwind         |       |       |     2 |    31 ||    33
         Wall Jump         |       |       |       |     9 ||     9
  Evoke: Wand              |       |       |     2 |    13 ||    15
         Phial of floods   |       |       |       |     1 ||     1
    Use: Scroll            |     2 |     5 |     8 |    13 ||    28
         Potion            |       |     1 |     2 |    21 ||    24
   Stab: Sleeping          |     6 |    14 |    21 |    13 ||    54
         Distracted        |       |     1 |     2 |     3 ||     6
         Invisible         |       |       |       |    10 ||    10
 Armour: Skin              |    27 |    26 |   103 |   248 ||   404
  Dodge: Dodged            |    48 |    33 |   102 |   207 ||   390
  Block: Buckler           |    15 |    14 |    29 |   107 ||   165
